AoeStats
← VIT Liereyy

Arabia

508631711Analyzed
1v1 RM · 10d ago on Sep 23, 2026· 32m 40s· 2 players
Game mode
Random Map
Map size
Tiny (2 player)
Population
200
Speed
Normal
Resources
Standard
Victory
Conquest
Starting age
Dark Age
Ending age
Imperial Age
RankedLock teamsTeams togetherTeam positionsShared explorationLock speedFull tech treeHidden civsTurbo modeCheats
Victory
Defeat
🇦🇹 Saxons · Austria
2925
+5
🇧🇪 Danes · Belgium
2646
-5
RoR | Thofou05
5:43 Loom
8:21 Feudal Age
8:55 Double-Bit Axe
20:00 Castle Age
18:20 Fletching
18:29 Horse Collar
19:26 Scale Mail Armor
21:00 Chain Mail Armor
20:52 Squires
24:53 Gambesons
26:14 Arson
27:48 Forging
VIT Liereyy
6:30 Loom
8:31 Feudal Age
8:53 Man-at-Arms
9:26 Double-Bit Axe
12:41 Fletching
14:45 Padded Archer Armor
15:45 Horse Collar
21:03 Castle Age
19:13 Gold Mining
21:40 Bodkin Arrow
22:09 Bow Saw
22:58 Leather Archer Armor
23:53 Husbandry
24:52 Bloodlines
26:46 Scale Mail Armor
26:48 Squires
29:28 Ballistics
31:29 Wheelbarrow
31:29 Forging
32:14 Chain Mail Armor
Connection lost

Rejoining the realm…

Still unreachable

The connection could not be restored.

Session expired

The server has moved on; the page needs a fresh start.